 Dungeon Crawl Stone Soup version 0.19.1 (webtiles) character file.

366 Kikal the Archer (level 6, -10/53 HPs)
             Began as a Centaur Hunter on Dec 2, 2016.
             Mangled by a black bear (11 damage)
             ... on level 4 of the Dungeon.
             The game lasted 00:14:03 (4460 turns).

Kikal the Archer (Centaur Hunter)                   Turns: 4460, Time: 00:14:05

Health: -10/53     AC:  5    Str: 16    XL:     6   Next: 40%
Magic:  6/6        EV:  9    Int: 10    God:
Gold:   89         SH:  0    Dex: 10    Spells: 0 memorised, 5 levels left

rFire  . . .     SeeInvis .     b - +0 trident
rCold  . . .     Gourm    .     c - +0 leather armour
rNeg   . . .     Faith    .     (no shield)
rPois  .         Spirit   .     (no helmet)
rElec  .         Reflect  .     p - +0 cloak
rCorr  .         Harm     .     (no gloves)
MR     .....                    (no barding)
Stlth  ..........               q - amulet of magic regeneration
                                (no ring)
                                (no ring)

@: heavily drained, very quick
A: hooves 3, deformed body, speed 2, tough skin 3
a: no special abilities


You were on level 4 of the Dungeon.
You were very hungry.

You visited 1 branch of the dungeon, and saw 4 of its levels.

You collected 89 gold pieces.

Inventory:

Hand Weapons
 a - a +1 shortbow
 b - a +0 trident (weapon)
 x - a +0 blowgun
Missiles
 d - 41 arrows
 s - 22 poisoned needles
 w - 2 tomahawks (quivered)
Armour
 c - a +0 leather armour (worn)
 p - a +0 cloak (worn)
Jewellery
 q - an amulet of magic regeneration (around neck)
Wands
 t - a wand of polymorph (18/24)
Scrolls
 h - 4 scrolls of identify {unknown}
 i - a scroll of teleportation {unknown}
 j - a scroll of recharging {unknown}
 r - 4 scrolls of amnesia {unknown}
 u - 2 scrolls of enchant armour {unknown}
 y - a scroll of remove curse {unknown}
Potions
 e - 2 potions of curing
 l - a potion of haste {unknown}
 m - a potion of heal wounds {unknown}
 o - a potion of cancellation {unknown}
 v - a potion of agility
 A - a potion of cure mutation {unknown}
Comestibles
 f - 3 bread rations
 g - a beef jerky
 k - 2 meat rations
 n - a slice of pizza
 B - a royal jelly


   Skills:
 - Level 4.4(3.1) Fighting
 + Level 1.5(0.3) Polearms
 + Level 8.3(6.8) Bows
 - Level 1.3(0.2) Dodging
 - Level 0.4(0.0) Stealth


You had 5 spell levels left.
You didn't know any spells.

Dungeon Overview and Level Annotations

Branches:
Dungeon (4/15)
 Temple: D:4-7

Altars:
Qazlal


Innate Abilities, Weirdness & Mutations

You have hooves in place of feet.
Armour fits poorly on your strangely shaped body.
You cover ground very quickly.
You have extremely tough skin. (AC +3)


Message History

* * * LOW HITPOINT WARNING * * *
The black bear claws you but does no damage.
The black bear claws you.
* * * LOW HITPOINT WARNING * * *
The black bear completely misses you. The black bear closely misses you.
The black bear claws you but does no damage.
You take 5 damage, and have 12/53 hp.
Firing (i - inventory. (,) - cycle):
d - 42 arrows (quivered)
Press: ? - help, Shift-Dir - straight line, f/p - black bear
Aim: a black bear (almost dead, berserk, fast, unusually strong)
You shoot an arrow. The arrow barely misses the black bear.
The black bear bites you.
* * * LOW HITPOINT WARNING * * *
The black bear closely misses you. The black bear claws you.
* * * LOW HITPOINT WARNING * * *
You take 11 damage, and have 1/53 hp.
MASSIVE DAMAGE!!
Unknown command.
b - a +0 trident (weapon)
The black bear bites you!
You die...

######## #
###......## ##
##.........#
######### ##. (..
#..........#
#.......###.. (.
#..........##
##.....^..##.. (.
##...........#
#.....<...#..# ..
#............#
#...........## (#
##............#
#..........## .#
#.....(.....h@#
##........##
.###............##
##......##
...#...........##
####..##
#(..((....(....#
##..##
###...........##
### ##..##
##.......^.##
##.###..##
#........##
##...#..##
##.....###
#......##
###.....####.....##


You could see a black bear (berserk).

Vanquished Creatures
  The ghost of dscm the Magician, an amateur OpWz (D:4)
  Crazy Yiuf (D:3)
  A bullfrog skeleton (D:3)
  Jessica (D:2)
  Terence (D:3)
  5 adders
  An ooze (D:2)
  4 worms
  3 dart slugs
  4 leopard geckos
  2 orcs (D:3)
  8 bats
  6 giant cockroaches
  5 goblins
  8 hobgoblins
  15 jackals
  A ball python (D:1)
  3 frilled lizards
  4 kobolds
  6 rats
80 creatures vanquished.

Notes
Turn   | Place    | Note
-------+----------+-------------------------------------------
     0 | D:1      | Kikal the Centaur Hunter began the quest for the Orb.
     0 | D:1      | Reached XP level 1. HP: 17/17 MP: 1/1
   439 | D:1      | Reached XP level 2. HP: 14/24 MP: 2/2
   447 | D:1      | Reached skill level 6 in Bows
  1308 | D:2      | Reached XP level 3. HP: 29/29 MP: 3/3
  1801 | D:2      | Found a stormy altar of Qazlal.
  1801 | D:2      | Noticed an earth elemental
  1802 | D:2      | Noticed a fire elemental
  1802 | D:2      | Noticed an air elemental
  1802 | D:2      | Noticed a water elemental
  2023 | D:2      | Reached XP level 4. HP: 24/37 MP: 4/4
  2167 | D:2      | Reached skill level 7 in Bows
  2262 | D:2      | Noticed Jessica
  2307 | D:2      | Killed Jessica
  3035 | D:3      | Noticed Terence
  3039 | D:3      | Reached XP level 5. HP: 42/46 MP: 5/5
  3336 | D:3      | Killed Terence
  3645 | D:3      | Found a runed door.
  3649 | D:3      | Noticed Crazy Yiuf
  3684 | D:3      | Killed Crazy Yiuf
  4132 | D:4      | Noticed dscm's ghost (amateur OpWz)
  4154 | D:4      | Killed dscm's ghost
  4154 | D:4      | Reached skill level 1 in Polearms
  4154 | D:4      | Reached skill level 8 in Bows
  4154 | D:4      | Reached XP level 6. HP: 11/53 MP: 6/6
  4459 | D:4      | HP: 1/53 [black bear (5)]
  4460 | D:4      | Mangled by a black bear

Skill      XL: |  1  2  3  4  5 |
---------------+----------------+-----
Bows           | 6 7 8 |  8.3
Fighting       | 4 |  4.4
Polearms       | 1 |  1.5
Dodging        | |  1.3
Stealth        | |  0.4

Action                   |  1- 3 |  4- 6 || total
-------------------------+-------+-------++-------
Melee: Short sword       |   126 |    83 ||   209
       Kick              |    20 |    22 ||    42
       Trident           |       |    20 ||    20
 Fire: Shortbow          |    16 |    83 ||    99
  Eat: Chunk             |     3 |     5 ||     8
Armor: Leather armour    |    38 |    56 ||    94
Dodge: Dodged            |    67 |    81 ||   148
